 Dungeon Crawl Stone Soup version 0.17-b1-15-g0f5fb43 (webtiles) character file.

108 tp1 the Firebug (level 4, -2/21 HPs)
             Began as a Deep Elf Fire Elementalist on Nov 3, 2015.
             Slain by a kobold
             ... wielding a +0 dagger
              (4 damage)
             ... on level 4 of the Dungeon.
             The game lasted 00:14:17 (2367 turns).

tp1 the Firebug (Deep Elf Fire Elementalist)        Turns: 2367, Time: 00:14:17

Health: -2/21      AC:  2    Str:  5    XL:     4   Next: 58%
Magic:  1/10       EV: 13    Int: 21    God:
Gold:   99         SH:  0    Dex: 15    Spells: 3 memorised, 2 levels left

rFire  . . .     SeeInvis .     f - -1 whip (curse)
rCold  . . .     Clarity  .     a - +0 robe
rNeg   . . .     SustAt   .     (no shield)
rPois  .         Gourm    .     (no helmet)
rElec  .         Spirit   .     (no cloak)
rCorr  .         Warding  .     (no gloves)
rMut   .         Stasis   .     (no boots)
MR     .....                    (no amulet)
Stlth  +.........               (no ring)
                                h - ring of loudness (curse)

@: flying, very slightly contaminated, hasted, very quick, not resistant to
hostile enchantments, very unstealthy
A: frail 1, evolution 1
a: no special abilities


You were on level 4 of the Dungeon.
You were hungry.

You visited 1 branch of the dungeon, and saw 4 of its levels.

You collected 99 gold pieces.

Inventory:

Hand Weapons
 e - a +0 dagger
 f - a cursed -1 whip (weapon)
 o - a +0 spear of venom
Armour
 a - a +0 robe (worn)
Jewellery
 h - a cursed ring of loudness (left hand)
Scrolls
 g - a scroll of amnesia
 m - a scroll of identify
 r - a scroll of magic mapping
Potions
 s - a potion of cancellation {unknown}
Books
 b - a book of Flames

   Spells                             Type                      Level
   a - Flame Tongue                   Conjuration/Fire             1
   b - Throw Flame                    Conjuration/Fire             2
   c - Conjure Flame                  Conjuration/Fire             3
   d - Inner Flame                    Hexes/Fire                   3
   e - Sticky Flame                   Conjuration/Fire             4
   f - Fireball                       Conjuration/Fire             5
Comestibles
 c - 3 bread rations
 i - 2 meat rations


   Skills:
 - Level 2.4 Dodging
 - Level 2.4 Stealth
 - Level 3.0 Spellcasting
 - Level 4.1 Conjurations
 + Level 4.2 Fire Magic


You had 2 spell levels left.
You knew the following spells:

 Your Spells              Type           Power        Failure   Level  Hunger
a - Flame Tongue          Conj/Fire      ###..        2%          1    None
b - Conjure Flame         Conj/Fire      ###.....     10%         3    ###....
c - Inner Flame           Hex/Fire       ##......     21%         3    ###....


Dungeon Overview and Level Annotations

Branches:
Dungeon (4/15)
 Temple: D:4-7

Altars:
Okawaru

Annotations:
D:3 Ijyb


Innate Abilities, Weirdness & Mutations

You are frail (-10% HP).
You evolve.


Message History

* * * LOW HITPOINT WARNING * * *
You miss the kobold.
The kobold is severely wounded.
The kobold closely misses you.
You barely miss the kobold.
The kobold is severely wounded.
The kobold hits you but does no damage.
Drink which item? (? for menu, Esc to quit)
It was a potion of haste.
You feel yourself speed up. The kobold barely misses you.
You are very lightly contaminated with residual magic.
Drink which item? (? for menu, Esc to quit)
It was a potion of flight.
You feel very buoyant.
You fly up into the air.
The kobold hits you with a dagger.
* * * LOW HITPOINT WARNING * * *
You hit the kobold but do no damage.
The kobold is heavily wounded.
The kobold hits you with a dagger.
You die...

...
...
..8.
...
..##
#..##
#.K.#
#.@#
####


You could see a kobold.

Vanquished Creatures
  5 adders
  3 orcs (D:3)
  4 giant cockroaches
  8 goblins
  4 hobgoblins (D:1)
  9 jackals (D:1)
  6 kobolds
  8 bats
  3 giant newts
  7 rats
57 creatures vanquished.

Notes
Turn   | Place    | Note
--------------------------------------------------------------
     0 | D:1      | tp1 the Deep Elf Fire Elementalist began the quest for the Orb.
     0 | D:1      | Reached XP level 1. HP: 10/10 MP: 6/6
   213 | D:1      | Reached XP level 2. HP: 12/15 MP: 2/8
   514 | D:1      | Reached XP level 3. HP: 10/19 MP: 0/9
   912 | D:2      | Learned a level 3 spell: Conjure Flame
   916 | D:2      | Learned a level 3 spell: Inner Flame
  1258 | D:2      | Reached skill level 4 in Conjurations
  1353 | D:2      | Reached XP level 4. HP: 20/24 MP: 4/10
  1360 | D:2      | Found an iron altar of Okawaru.
  1776 | D:2      | Found an iron altar of Okawaru.
  2151 | D:3      | Noticed Ijyb
  2179 | D:3      | Gained mutation: You are frail (-10% HP). [potion of mutation]
  2179 | D:3      | Gained mutation: You evolve. [potion of mutation]
  2181 | D:3      | Found a faded altar to an unknown god.
  2366 | D:4      | HP: 1/21 [kobold/dagger (4)]
  2367 | D:4      | Slain by a kobold

Action                   |  1- 3 |  4- 6 || total
-------------------------+-------+-------++-------
Melee: Whip              |     3 |     6 ||     9
 Cast: Flame Tongue      |    71 |    37 ||   108
       Conjure Flame     |     1 |     2 ||     3
  Use: Scroll            |     4 |     1 ||     5
       Potion            |       |     6 ||     6
  Eat: Chunk             |     1 |     3 ||     4
